 Dungeon Crawl Stone Soup version 0.25-a0-781-gc44aebf4fe (webtiles) character file.

Game seed: 10183634725161945099, levelgen mode: deterministic

106 tilp the Vexing (level 5, -1/32 HPs)
             Began as a Kobold Arcane Marksman on Apr 15, 2020.
             Slain by a river rat (8 damage)
             ... on level 3 of the Dungeon.
             The game lasted 00:07:23 (2885 turns).

tilp the Vexing (Kobold Arcane Marksman)            Turns: 2885, Time: 00:07:24

Health: -1/32      AC:  4    Str:  9    XL:     5   Next: 10%
Magic:  4/6        EV: 14    Int: 14    God:
Gold:   125        SH:  0    Dex: 15    Spells: 3/6 levels left

rFire    . . .     SeeInvis .   a - +0 hand crossbow
rCold    . . .     Gourm    .   (shield restricted)
rNeg     . . .     Faith    .   r - +1 leather armour
rPois    .         Spirit   .   (no helmet)
rElec    .         Reflect  .   (no cloak)
rCorr    .         Harm     .   (no gloves)
MR       .....                  (no boots)
Stlth    +.........             (no amulet)
HPRegen  0.10/turn              p - ring of flight
MPRegen  0.10/turn              (no ring)

@: no status effects
A: small, carnivore
a: Evoke Flight


You were on level 3 of the Dungeon.
You were very full.

You visited 1 branch of the dungeon, and saw 3 of its levels.

You collected 125 gold pieces.

Inventory:

Hand Weapons
 a - a +0 hand crossbow (weapon)
 b - a +0 dagger
Missiles
 d - 3 bolts (quivered)
Armour
 r - a +1 leather armour (worn)
Jewellery
 p - a ring of flight (left hand)
Scrolls
 k - a scroll of enchant armour
 n - a scroll of blinking {unknown}
 o - a scroll of remove curse {unknown}
Potions
 g - a potion of heal wounds
 j - a potion of might {unknown}
 l - a potion of berserk rage {unknown}
 q - 2 potions of flight
 s - a potion of curing
Comestibles
 c - a ration
 f - 6 chunks of flesh


   Skills:
 + Level 3.5 Fighting
 - Level 2.4 Crossbows
 - Level 2.4 Dodging
 - Level 1.1 Spellcasting
 + Level 4.3 Hexes


You had 3 spell levels left.
You knew the following spells:

 Your Spells              Type           Power        Failure   Level  Hunger
a - Corona                Hex            ##.....      6%          1    ##.....
b - Slow                  Hex            ##......     10%         2    ###....

Your spell library contained the following spells:

 Spells                   Type           Power        Failure   Level  Hunger
 Inner Flame              Hex/Fire       #.......     41%         3    ####...
 Portal Projectile        Hex/Tloc       #.....       41%         3    ####...
 Cause Fear               Hex            ##........   52%         4    #####..
 Leda's Liquefaction      Hex/Erth       #.........   83%         4    #####..


Dungeon Overview and Level Annotations

Branches:
Dungeon (3/15)

Altars:
Elyvilon


Innate Abilities, Weirdness & Mutations

You are small and have problems with some larger weapons.
You are carnivorous and can eat meat at any time.


Message History

Aim: a river rat (almost dead, softly glowing)
You shoot a bolt. The bolt closely misses the river rat.
You hear a splash.
The river rat misses you. The river rat bites you.
Firing (i - inventory)
d - 5 bolts (quivered)
Press: ? - help, Shift-Dir - straight line, f/p - river rat
Aim: a river rat (almost dead, softly glowing)
You shoot a bolt. The bolt hits the river rat.
The river rat is almost dead.
The river rat bites you!
* * * LOW HITPOINT WARNING * * *
Firing (i - inventory)
d - 4 bolts (quivered)
Press: ? - help, Shift-Dir - straight line, f/p - river rat
Aim: a river rat (almost dead, softly glowing)
You shoot a bolt. The bolt barely misses the river rat.
You hear a splash.
The river rat bites you.
* * * LOW HITPOINT WARNING * * *
The river rat bites you!
You die...

****######
*≈≈≈+≈≈..#
*≈∩≈#≈≈≈.#
*≈≈≈#≈≈..#
#+###≈...##
#≈≈≈≈≈....#
#≈≈.≈≈....#
#((≈...r@.#
#.........#
#######...# #######
#..## #.....#####
#÷## ###.....#....
#.#####>...........
#.......#.....#....
#######.#.....#....
*.............


You could see a river rat.

Vanquished Creatures
  5 adders
  An ooze (D:1)
  3 worms (D:2)
  A dart slug (D:1)
  A leopard gecko (D:1)
  A bat (D:2)
  2 giant cockroaches (D:2)
  7 goblins
  5 hobgoblins
  3 jackals (D:1)
  7 kobolds
  A quokka (D:2)
  3 frilled lizards
  5 rats
45 creatures vanquished.

Notes
Turn   | Place    | Note
-------+----------+-------------------------------------------
     0 | D:1      | tilp the Kobold Arcane Marksman began the quest for the
                  | Orb.
     0 | D:1      | Reached XP level 1. HP: 12/12 MP: 2/2
   127 | D:1      | Reached XP level 2. HP: 17/17 MP: 3/3
   131 | D:1      | Learned a level 2 spell: Slow
   565 | D:1      | Reached XP level 3. HP: 16/21 MP: 4/4
  1398 | D:2      | Reached XP level 4. HP: 21/27 MP: 0/5
  1795 | D:2      | Reached skill level 4 in Hexes
  2487 | D:2      | Found a white marble altar of Elyvilon.
  2787 | D:3      | Reached XP level 5. HP: 25/32 MP: 4/6
  2885 | D:3      | Slain by a river rat

Levels and vault maps discovered:
D:1:      dpeg_arrival_simpleton_c, layout_rooms
D:2:      layout_basic, nicolae_overflow_hidden_temple
D:3:      layout_basic, chequers_ecumenical_altar_simple, first_ration,
          portal_sewer_entry_e

Skill      XL: |  1  2  3  4 |
---------------+-------------+-----
Fighting       | 2 3 |  3.5
Hexes          | 4 |  4.3
Crossbows      | |  2.4
Dodging        | |  2.4
Spellcasting   | |  1.1

Action                   |  1- 3 |  4- 6 || total
-------------------------+-------+-------++-------
Melee: Dagger            |    45 |    88 ||   133
 Fire: Hand crossbow     |    46 |    52 ||    98
 Cast: Corona            |    16 |    17 ||    33
  Use: Scroll            |       |     6 ||     6
  Eat: Chunk             |    10 |     5 ||    15
Armor: Robe              |    12 |       ||    12
       Leather armour    |     1 |    23 ||    24
Dodge: Dodged            |    64 |    81 ||   145

Table legend:
 A = Non-vault XP
 B = Vault XP
 C = Vault XP percentage of total XP
 D = Non-vault monster count
 E = Vault monster count
 F = Vault count percentage of total count
                 A         B        C        D         E       F
            +---------+---------+-------+---------+---------+-------
      Total |     148 |       4 |   2.6 |      41 |       4 |   8.9
            +---------+---------+-------+---------+---------+-------
        D:1 |      32 |       0 |   0.0 |      13 |       0 |   0.0
        D:2 |     101 |       0 |   0.0 |      26 |       0 |   0.0
        D:3 |      15 |       4 |  21.1 |       2 |       4 |  66.7
            +---------+---------+-------+---------+---------+-------
